[ PARTIDA AOE2 · #495743623 ]
UnrankedCumanos vs Spanish
Equipo del jugador · VICT
Equipo rival · DERR
[ ANÁLISIS DE REPETICIÓN · EXTRAÍDO DE LA PARTIDA GRABADA ]
Feudal
9:32
Castillos
20:52
Imperial
35:32
| APM promedio | 71.9 |
| APM pico | 112 |
| eAPM promedio | 35.0 |
| Aldeanos / militares | 145 / 93 |
Foco
⚔️ 25.4% · 🌾 74.6%
Kipchak ×86 · Trebuchet (Packed) ×6 · Monk ×1
Feudal
11:21
Castillos
18:11
Imperial
37:14
| APM promedio | 37.4 |
| APM pico | 67 |
| eAPM promedio | 17.9 |
| Aldeanos / militares | 142 / 58 |
Foco
⚔️ 28.3% · 🌾 71.7%
Conquistador ×15 · Scorpion ×11 · Battering Ram ×11 · Militia ×10 · Knight ×8 · Trebuchet (Packed) ×3
Mapa de la partida
Recursos iniciales + cada clic de construcción. Líneas = muros · curvas = relieve. ◆ oro · ⬟ piedra · ● bayas · ✦ reliquia · ◌ hueco del cierre
Tu base· ✓ Cerrada en 20:52 · 24t muro · sin puerta
Base de ŞekilHakan· ✓ Cerrada en 18:11 · 31t muro · sin puerta
Terreno inicial suavizado · ◌ = hueco del cierre detectado · pasá el cursor para detalles
Inputs por minuto
— Exe.K>K - - ŞekilHakan
Build order — Exe.K>K
Primeras 150 de 435 acciones detectadas
| 0:00 | Encolar | Villager (Male) |
| 0:02 | Construir | House |
| 0:03 | Construir | House |
| 0:05 | Encolar | Villager (Male) |
| 0:16 | Encolar | Villager (Male) |
| 0:16 | Encolar | Villager (Male) |
| 0:16 | Encolar | Villager (Male) |
| 1:21 | Encolar | Villager (Male) |
| 1:22 | Encolar | Villager (Male) |
| 2:06 | Encolar | Villager (Male) |
| 2:10 | Encolar | Villager (Male) |
| 2:10 | Encolar | Villager (Male) |
| 2:22 | Construir | Lumber Camp |
| 2:23 | Encolar | Villager (Male) |
| 2:23 | Encolar | Villager (Male) |
| 2:48 | Encolar | Villager (Male) |
| 2:48 | Encolar | Villager (Male) |
| 3:06 | Encolar | Villager (Male) |
| 3:35 | Encolar | Villager (Male) |
| 3:35 | Encolar | Villager (Male) |
| 3:51 | Construir | House |
| 4:09 | Encolar | Villager (Male) |
| 4:22 | Construir | Mill |
| 4:34 | Encolar | Villager (Male) |
| 4:34 | Encolar | Villager (Male) |
| 4:45 | Construir | Mill |
| 5:14 | Encolar | Villager (Male) |
| 5:27 | Encolar | Villager (Male) |
| 5:32 | Construir | House |
| 5:51 | Investigar | Loom |
| 5:51 | Investigar | Loom |
| 6:26 | Construir | Palisade Wall |
| 6:37 | Encolar | Villager (Male) |
| 7:22 | Investigar | Feudal Age |
| 7:23 | Investigar | Feudal Age |
| 7:52 | Construir | Palisade Wall |
| 7:53 | Construir | Palisade Wall |
| 8:27 | Encolar | Villager (Male) |
| 8:57 | Construir | House |
| 9:01 | Encolar | Villager (Male) |
| 9:08 | Construir | Palisade Wall |
| 9:32 | Edad | Edad Feudal |
| 9:40 | Construir | Town Center |
| 9:45 | Encolar | Villager (Male) |
| 9:50 | Investigar | Double-Bit Axe |
| 9:51 | Investigar | Horse Collar |
| 9:51 | Investigar | Horse Collar |
| 10:02 | Construir | Palisade Wall |
| 10:46 | Construir | Palisade Wall |
| 10:50 | Encolar | Villager (Male) |
| 10:55 | Construir | Palisade Wall |
| 10:56 | Encolar | Villager (Male) |
| 11:00 | Construir | Farm |
| 11:00 | Construir | Farm |
| 11:02 | Construir | Farm |
| 11:03 | Construir | Farm |
| 11:18 | Encolar | Villager (Male) |
| 11:31 | Construir | House |
| 11:32 | Encolar | Villager (Male) |
| 11:43 | Encolar | Villager (Male) |
| 11:46 | Construir | Farm |
| 11:59 | Encolar | Villager (Male) |
| 12:09 | Construir | House |
| 12:12 | Encolar | Villager (Male) |
| 12:13 | Encolar | Villager (Male) |
| 12:17 | Construir | Farm |
| 12:19 | Construir | Farm |
| 12:23 | Encolar | Villager (Male) |
| 12:29 | Construir | House |
| 12:41 | Construir | Farm |
| 12:53 | Construir | House |
| 12:56 | Encolar | Villager (Male) |
| 13:15 | Construir | House |
| 13:22 | Encolar | Villager (Male) |
| 13:23 | Encolar | Villager (Male) |
| 13:28 | Construir | House |
| 13:29 | Construir | House |
| 13:30 | Encolar | Villager (Male) |
| 13:46 | Construir | Farm |
| 13:51 | Encolar | Villager (Male) |
| 14:03 | Encolar | Villager (Male) |
| 14:13 | Encolar | Villager (Male) |
| 14:23 | Encolar | Villager (Male) |
| 14:26 | Construir | Farm |
| 14:27 | Construir | Farm |
| 14:33 | Encolar | Villager (Male) |
| 14:36 | Construir | House |
| 14:39 | Encolar | Villager (Male) |
| 14:47 | Construir | Farm |
| 14:57 | Encolar | Villager (Male) |
| 15:13 | Encolar | Villager (Male) |
| 15:19 | Construir | Farm |
| 15:21 | Construir | Farm |
| 15:29 | Construir | House |
| 15:35 | Encolar | Villager (Male) |
| 15:45 | Construir | Mining Camp |
| 15:54 | Construir | Farm |
| 15:59 | Construir | House |
| 16:03 | Encolar | Villager (Male) |
| 16:06 | Construir | Farm |
| 16:12 | Encolar | Villager (Male) |
| 16:27 | Encolar | Villager (Male) |
| 16:38 | Encolar | Villager (Male) |
| 16:47 | Construir | Market |
| 16:49 | Encolar | Villager (Male) |
| 17:06 | Encolar | Villager (Male) |
| 17:20 | Encolar | Villager (Male) |
| 17:41 | Construir | Blacksmith |
| 17:44 | Encolar | Villager (Male) |
| 17:47 | Encolar | Villager (Male) |
| 18:06 | Investigar | Castle Age |
| 18:06 | Investigar | Castle Age |
| 18:14 | Construir | House |
| 18:15 | Construir | House |
| 18:18 | Construir | House |
| 18:21 | Construir | Palisade Wall |
| 18:26 | Construir | Palisade Wall |
| 18:36 | Construir | House |
| 18:43 | Construir | Watch Tower |
| 19:23 | Construir | House |
| 19:29 | Construir | House |
| 20:02 | Encolar | Villager (Male) |
| 20:03 | Encolar | Villager (Male) |
| 20:03 | Encolar | Villager (Male) |
| 20:07 | Construir | Watch Tower |
| 20:23 | Encolar | Villager (Male) |
| 20:23 | Encolar | Villager (Male) |
| 20:23 | Encolar | Villager (Male) |
| 20:35 | Investigar | Fletching |
| 20:35 | Investigar | Fletching |
| 20:43 | Construir | House |
| 20:50 | Construir | Palisade Wall |
| 20:52 | Edad | Edad de los Castillos |
| 20:56 | Construir | Castle |
| 21:03 | Construir | Palisade Wall |
| 21:12 | Encolar | Villager (Male) |
| 21:12 | Encolar | Villager (Male) |
| 21:13 | Encolar | Villager (Male) |
| 21:35 | Construir | Lumber Camp |
| 21:37 | Encolar | Kipchak |
| 21:37 | Encolar | Kipchak |
| 21:37 | Encolar | Kipchak |
| 21:45 | Encolar | Villager (Male) |
| 22:06 | Encolar | Kipchak |
| 22:20 | Encolar | Villager (Male) |
| 22:21 | Encolar | Villager (Male) |
| 22:37 | Encolar | Kipchak |
| 22:48 | Construir | Mining Camp |
| 22:54 | Investigar | Padded Archer Armor |
| 22:54 | Investigar | Padded Archer Armor |
Build order — ŞekilHakan
Primeras 150 de 337 acciones detectadas
| 0:01 | Encolar | Villager (Male) |
| 0:02 | Construir | House |
| 0:03 | Construir | House |
| 0:08 | Encolar | Villager (Male) |
| 0:08 | Encolar | Villager (Male) |
| 0:08 | Encolar | Villager (Male) |
| 0:08 | Encolar | Villager (Male) |
| 1:24 | Encolar | Villager (Male) |
| 1:24 | Encolar | Villager (Male) |
| 1:59 | Encolar | Villager (Male) |
| 1:59 | Encolar | Villager (Male) |
| 2:02 | Construir | Lumber Camp |
| 2:19 | Encolar | Villager (Male) |
| 2:20 | Encolar | Villager (Male) |
| 2:44 | Encolar | Villager (Male) |
| 2:44 | Encolar | Villager (Male) |
| 3:00 | Encolar | Villager (Male) |
| 3:00 | Encolar | Villager (Male) |
| 3:26 | Construir | House |
| 3:32 | Encolar | Villager (Male) |
| 3:56 | Construir | Mill |
| 4:09 | Encolar | Villager (Male) |
| 4:09 | Encolar | Villager (Male) |
| 4:55 | Encolar | Villager (Male) |
| 5:19 | Encolar | Villager (Male) |
| 5:42 | Encolar | Villager (Male) |
| 5:54 | Construir | House |
| 6:08 | Encolar | Villager (Male) |
| 6:30 | Construir | Barracks |
| 6:34 | Encolar | Villager (Male) |
| 6:56 | Encolar | Villager (Male) |
| 7:17 | Encolar | Villager (Male) |
| 7:27 | Construir | House |
| 7:31 | Encolar | Militia |
| 7:32 | Encolar | Militia |
| 7:32 | Encolar | Militia |
| 7:38 | Encolar | Villager (Male) |
| 7:54 | Encolar | Villager (Male) |
| 8:00 | Construir | Mill |
| 8:37 | Encolar | Villager (Male) |
| 8:41 | Construir | House |
| 9:03 | Construir | House |
| 9:04 | Construir | House |
| 9:10 | Investigar | Feudal Age |
| 9:31 | Construir | Mining Camp |
| 9:36 | Investigar | Loom |
| 9:40 | Construir | Palisade Wall |
| 9:44 | Construir | Palisade Wall |
| 9:59 | Construir | House |
| 10:02 | Construir | House |
| 10:53 | Construir | Farm |
| 10:54 | Construir | Farm |
| 11:06 | Encolar | Villager (Male) |
| 11:09 | Construir | Farm |
| 11:17 | Construir | Palisade Wall |
| 11:19 | Construir | Palisade Wall |
| 11:21 | Edad | Edad Feudal |
| 11:26 | Investigar | Man-at-Arms (upgrade) |
| 11:30 | Construir | Farm |
| 11:48 | Encolar | Villager (Male) |
| 11:53 | Construir | Farm |
| 12:22 | Construir | Mining Camp |
| 12:26 | Encolar | Villager (Male) |
| 12:52 | Construir | House |
| 12:54 | Construir | House |
| 12:59 | Encolar | Villager (Male) |
| 13:16 | Construir | House |
| 13:26 | Encolar | Villager (Male) |
| 13:44 | Encolar | Villager (Male) |
| 13:44 | Encolar | Villager (Male) |
| 14:21 | Construir | Market |
| 14:25 | Encolar | Villager (Male) |
| 14:26 | Encolar | Villager (Male) |
| 14:53 | Construir | Blacksmith |
| 15:27 | Investigar | Castle Age |
| 15:37 | Investigar | Double-Bit Axe |
| 15:59 | Investigar | Horse Collar |
| 16:17 | Encolar | Militia |
| 16:17 | Encolar | Militia |
| 16:58 | Construir | House |
| 17:07 | Encolar | Militia |
| 17:08 | Encolar | Militia |
| 17:09 | Encolar | Villager (Male) |
| 17:28 | Construir | Palisade Wall |
| 17:34 | Encolar | Militia |
| 18:11 | Edad | Edad de los Castillos |
| 18:21 | Construir | Castle |
| 18:36 | Construir | Castle |
| 19:00 | Encolar | Villager (Male) |
| 19:26 | Encolar | Villager (Male) |
| 19:38 | Encolar | Militia |
| 19:38 | Encolar | Militia |
| 19:51 | Construir | Town Center |
| 19:58 | Encolar | Villager (Male) |
| 20:10 | Construir | Stable |
| 20:28 | Encolar | Villager (Male) |
| 20:29 | Encolar | Villager (Male) |
| 20:42 | Encolar | Knight |
| 20:50 | Construir | Farm |
| 20:53 | Construir | Farm |
| 21:18 | Encolar | Villager (Male) |
| 21:42 | Investigar | Long Swordsman (upgrade) |
| 21:45 | Encolar | Villager (Male) |
| 21:46 | Encolar | Villager (Male) |
| 22:15 | Encolar | Villager (Male) |
| 22:19 | Construir | Town Center |
| 22:35 | Encolar | Knight |
| 22:44 | Construir | Farm |
| 22:50 | Encolar | Villager (Male) |
| 22:50 | Encolar | Villager (Male) |
| 22:59 | Encolar | Villager (Male) |
| 23:02 | Construir | Farm |
| 23:29 | Encolar | Villager (Male) |
| 23:35 | Encolar | Villager (Male) |
| 23:36 | Encolar | Villager (Male) |
| 23:44 | Construir | Farm |
| 23:44 | Construir | Farm |
| 24:09 | Encolar | Villager (Male) |
| 24:09 | Encolar | Villager (Male) |
| 24:12 | Construir | Town Center |
| 24:18 | Encolar | Villager (Male) |
| 24:30 | Construir | Castle |
| 24:34 | Encolar | Villager (Male) |
| 24:34 | Encolar | Villager (Male) |
| 24:37 | Construir | House |
| 24:38 | Construir | House |
| 24:50 | Encolar | Villager (Male) |
| 24:52 | Encolar | Villager (Male) |
| 24:57 | Construir | Farm |
| 25:00 | Construir | Farm |
| 25:08 | Encolar | Villager (Male) |
| 25:13 | Encolar | Conquistador |
| 25:41 | Encolar | Villager (Male) |
| 25:42 | Encolar | Villager (Male) |
| 25:44 | Construir | Farm |
| 25:48 | Encolar | Conquistador |
| 25:49 | Encolar | Conquistador |
| 26:09 | Encolar | Conquistador |
| 26:09 | Encolar | Conquistador |
| 26:16 | Construir | Town Center |
| 26:24 | Encolar | Villager (Male) |
| 26:28 | Construir | Farm |
| 26:33 | Construir | House |
| 26:36 | Encolar | Villager (Male) |
| 26:56 | Encolar | Villager (Male) |
| 26:56 | Encolar | Villager (Male) |
| 27:22 | Construir | Siege Workshop |
| 27:28 | Encolar | Villager (Male) |
| 27:28 | Encolar | Villager (Male) |
| 27:31 | Construir | Farm |
Cronología de la partida
| 6:26 | Exe.K>K · wall_segment Palisade Wall x1 |
| 6:30 | ŞekilHakan · first_building Barracks |
| 7:52 | Exe.K>K · wall_segment Palisade Wall x7 |
| 7:53 | Exe.K>K · wall_segment Palisade Wall x4 |
| 9:08 | Exe.K>K · wall_segment Palisade Wall x4 |
| 9:32 | Exe.K>K · age_up feudal |
| 9:40 | ŞekilHakan · wall_segment Palisade Wall x3 |
| 9:44 | ŞekilHakan · wall_segment Palisade Wall x9 |
| 10:02 | Exe.K>K · wall_segment Palisade Wall x4 |
| 10:46 | Exe.K>K · wall_segment Palisade Wall x1 |
| 10:55 | Exe.K>K · wall_segment Palisade Wall x1 |
| 11:17 | ŞekilHakan · wall_segment Palisade Wall x8 |
| 11:19 | ŞekilHakan · wall_segment Palisade Wall x11 |
| 11:21 | ŞekilHakan · age_up feudal |
| 17:28 | ŞekilHakan · wall_segment Palisade Wall x1 |
| 18:03 | ŞekilHakan · first_market_buy 100 stone |
| 18:11 | ŞekilHakan · age_up castle |
| 18:21 | ŞekilHakan · first_building Castle |
| 18:21 | Exe.K>K · wall_segment Palisade Wall x1 |
| 18:26 | Exe.K>K · wall_segment Palisade Wall x1 |
| 20:10 | ŞekilHakan · first_building Stable |
| 20:22 | Exe.K>K · first_market_buy 100 stone |
| 20:26 | Exe.K>K · first_market_sell 100 food |
| 20:50 | Exe.K>K · wall_segment Palisade Wall x1 |
| 20:52 | Exe.K>K · age_up castle |
| 20:56 | Exe.K>K · first_building Castle |
| 21:03 | Exe.K>K · wall_segment Palisade Wall x2 |
| 27:22 | ŞekilHakan · first_building Siege Workshop |
| 29:57 | Exe.K>K · first_building Barracks |
| 34:02 | Exe.K>K · first_building Stable |
| 35:21 | Exe.K>K · first_building Monastery |
| 35:32 | Exe.K>K · age_up imperial |
| 36:57 | ŞekilHakan · first_market_sell 100 wood |
| 37:14 | ŞekilHakan · age_up imperial |
| 38:48 | Exe.K>K · first_building Archery Range |
| 40:23 | Exe.K>K · wall_segment Palisade Wall x1 |
| 40:24 | Exe.K>K · wall_segment Palisade Wall x1 |
| 40:28 | ŞekilHakan · resign |
[ ANÁLISIS IA · 1 CRÉDITO ]
¿Qué pasó realmente en esta partida?
Wolo.gg analiza cada decisión: build order, eco, micro, errores típicos por bracket. Análisis personalizado por WhatsApp o Discord en 30 segundos.
Guía civ
Cumanos
Perfil
Jugador #25808322